General information
- name: BNet
- type: Ladder team game (AT/RT)
- host: Battle.net
- saver: Dirty_Harry
map: Deadlands
- players: 8
- length: 44:08
- speed: Fast
- version: 1.26 W3XP
- replay type: Public
» download(233 KB)
Players
team 1 (winner)

»
Existentialism (
purple | 45 APM | 464 actions | 10:19)
3 Dreadlord
2 Sleep
1 Vampiric Aura
1 Death Knight
1 Death Coil
» actions
| Assign group hotkey | 7 | |
| Basic commands | 9 | |
| Build / train | 47 | |
| Enter build submenu | 13 | |
| Enter hero's abilities submenu | 4 | |
| Right click | 213 | |
| Select / deselect | 122 | |
| Select group hotkey | 5 | |
| Use ability | 44 | |
464 total
» units
| Acolyte | 7 | |
| Ghoul | 7 | |
| Crypt Fiend | 4 | |
18 total
» upgrades
| Creature Attack | 1 | |
| Creature Carapace | 1 | |
2 total
» buildings
| Crypt | 1 | |
| Ziggurat | 6 | |
| Altar of Darkness | 1 | |
| Graveyard | 1 | |
| Tomb of Relics | 1 | |
| Necropolis | 1 | |
| Nerubian Tower | 1 | |
| Halls of the Dead | 4 | |
| Spirit Tower | 1 | |
| Black Citadel | 2 | |
| Sacrificial Pit | 1 | |
20 total
» build order
00:21 Crypt
00:23 Ziggurat
00:38 Altar of Darkness
01:00 Ziggurat
01:33 Graveyard
02:20 Tomb of Relics
04:13 Ziggurat
05:17 Necropolis
05:36 Nerubian Tower
05:46 Halls of the Dead
05:46 Halls of the Dead
05:47 Halls of the Dead
06:03 Ziggurat
06:47 Ziggurat
06:59 Ziggurat
07:03 Spirit Tower
08:07 Black Citadel
08:10 Sacrificial Pit
» items
| Rod of Necromancy | 5 | |
| Sacrificial Skull | 1 | |
6 total
iTKjerksORnoobs (
blue | 46 APM | 2014 actions | 44:08)
3 Death Knight
2 Death Coil
1 Unholy Aura
1 Dark Ranger
1 Black Arrow
» actions
| Assign group hotkey | 46 | |
| Basic commands | 170 | |
| Build / train | 42 | |
| Enter build submenu | 16 | |
| Enter hero's abilities submenu | 4 | |
| Give item / drop item | 5 | |
| Remove unit from queue | 3 | |
| Right click | 828 | |
| Select / deselect | 323 | |
| Select group hotkey | 503 | |
| Use ability | 74 | |
2014 total
» units
| Acolyte | 3 | |
| Ghoul | 3 | |
| Crypt Fiend | 9 | |
15 total
» upgrades
| Creature Attack | 1 | |
| Creature Carapace | 1 | |
| Web | 1 | |
3 total
» buildings
| Graveyard | 1 | |
| Crypt | 4 | |
| Ziggurat | 4 | |
| Altar of Darkness | 1 | |
| Halls of the Dead | 1 | |
| Tomb of Relics | 1 | |
| Necropolis | 1 | |
13 total
» build order
00:08 Graveyard
00:12 Crypt
00:17 Crypt
00:45 Ziggurat
00:58 Altar of Darkness
01:47 Ziggurat
04:16 Halls of the Dead
04:35 Ziggurat
04:38 Tomb of Relics
06:30 Crypt
06:45 Crypt
06:55 Ziggurat
08:02 Necropolis
» items
| Scroll of Town Portal | 3 | |
| Potion of Healing | 5 | |
| Orb of Lightning | 1 | |
| Potion of Mana | 2 | |
| Healing Salve | 1 | |
| Potion of Lesser Invulnerability | 1 | |
| Staff of Teleportation | 1 | |
| Boots of Speed | 1 | |
15 total
GLOURT-HACKS (
red | 63 APM | 2777 actions | 44:01)
4 Blademaster
2 Wind Walk
2 Critical Strike
1 Shadow Hunter
1 Healing Wave
» actions
| Assign group hotkey | 84 | |
| Basic commands | 120 | |
| Build / train | 55 | |
| Enter build submenu | 26 | |
| Enter hero's abilities submenu | 5 | |
| Give item / drop item | 10 | |
| Right click | 1186 | |
| Select / deselect | 363 | |
| Select group hotkey | 725 | |
| Use ability | 203 | |
2777 total
» units
| Peon | 13 | |
| Grunt | 4 | |
| Goblin Shredder | 2 | |
| Wind Rider | 4 | |
| Raider | 1 | |
24 total
» upgrades
| Reinforced Defenses | 1 | |
| Envenomed Spears | 1 | |
2 total
» buildings
| Altar of Storms | 1 | |
| Orc Burrow | 6 | |
| Barracks | 1 | |
| Voodoo Lounge | 1 | |
| Stronghold | 2 | |
| War Mill | 1 | |
| Great Hall | 1 | |
| Beastiary | 3 | |
| Fortress | 1 | |
| Watch Tower | 58 | |
75 total
» build order
00:08 Altar of Storms
00:19 Orc Burrow
00:37 Barracks
01:24 Orc Burrow
01:57 Voodoo Lounge
03:00 Stronghold
04:17 War Mill
04:36 Great Hall
04:49 Orc Burrow
06:29 Beastiary
06:30 Beastiary
06:45 Fortress
08:00 Watch Tower
08:01 Watch Tower
08:01 Watch Tower
08:01 Watch Tower
08:16 Watch Tower
10:33 Watch Tower
10:34 Watch Tower
10:34 Watch Tower
13:41 Watch Tower
13:41 Watch Tower
13:41 Watch Tower
13:42 Watch Tower
13:42 Watch Tower
13:43 Watch Tower
13:43 Watch Tower
14:32 Watch Tower
14:33 Watch Tower
14:33 Watch Tower
14:34 Watch Tower
14:34 Watch Tower
14:35 Watch Tower
15:07 Watch Tower
15:07 Watch Tower
15:07 Watch Tower
15:08 Watch Tower
15:09 Watch Tower
15:09 Watch Tower
15:10 Watch Tower
15:10 Watch Tower
15:11 Watch Tower
15:11 Watch Tower
15:12 Watch Tower
15:12 Watch Tower
15:14 Watch Tower
15:16 Watch Tower
15:17 Watch Tower
16:41 Watch Tower
16:42 Watch Tower
16:43 Watch Tower
17:10 Orc Burrow
17:10 Orc Burrow
17:29 Watch Tower
17:29 Watch Tower
17:36 Watch Tower
17:37 Watch Tower
18:26 Watch Tower
18:26 Watch Tower
18:55 Watch Tower
18:55 Watch Tower
18:56 Watch Tower
21:22 Beastiary
21:25 Orc Burrow
21:57 Watch Tower
21:57 Watch Tower
21:57 Watch Tower
22:28 Watch Tower
22:28 Watch Tower
29:58 Watch Tower
29:58 Watch Tower
29:59 Watch Tower
29:59 Watch Tower
30:00 Watch Tower
» items
| Healing Salve | 4 | |
| Staff of Teleportation | 2 | |
| Potion of Healing | 5 | |
| Lesser Clarity Potion | 1 | |
| Orb of Lightning | 1 | |
| Potion of Mana | 1 | |
| Tiny Great Hall | 2 | |
| Boots of Speed | 1 | |
| Potion of Lesser Invulnerability | 1 | |
18 total
integraboy (
green | 40 APM | 436 actions | 10:59)
3 Archmage
2 Summon Water Elemental
1 Blizzard
» actions
| Assign group hotkey | 12 | |
| Build / train | 37 | |
| Enter build submenu | 22 | |
| Enter hero's abilities submenu | 3 | |
| Right click | 104 | |
| Select / deselect | 103 | |
| Select group hotkey | 130 | |
| Use ability | 25 | |
436 total
» units
| Peasant | 9 | |
| Footman | 7 | |
| Priest | 3 | |
| Knight | 2 | |
21 total
» upgrades
| Swords | 1 | |
| Plating | 2 | |
| Animal War Training | 1 | |
| Lumber Harvesting | 1 | |
| Priest Training | 1 | |
6 total
» buildings
| Barracks | 2 | |
| Altar of Kings | 1 | |
| Farm | 11 | |
| Lumber Mill | 1 | |
| Keep | 1 | |
| Arcane Vault | 1 | |
| Blacksmith | 1 | |
| Scout Tower | 2 | |
| Castle | 1 | |
| Guard Tower | 2 | |
| Arcane Sanctum | 1 | |
24 total
» build order
00:25 Barracks
00:34 Altar of Kings
00:39 Farm
01:29 Farm
02:05 Lumber Mill
02:11 Farm
02:58 Farm
03:35 Keep
03:41 Arcane Vault
03:44 Farm
03:54 Blacksmith
04:53 Farm
05:15 Scout Tower
05:42 Farm
06:03 Castle
06:39 Guard Tower
06:47 Scout Tower
06:51 Farm
07:02 Arcane Sanctum
07:23 Guard Tower
07:29 Barracks
07:33 Farm
08:15 Farm
09:34 Farm
» items
team 2 (loser)
valulife (
teal | 77 APM | 3401 actions | 44:08)
4 Demon Hunter
2 Mana Burn
2 Evasion
3 Archmage
2 Summon Water Elemental
1 Brilliance Aura
3 Keeper of the Grove
2 Entangling Roots
1 Thorns Aura
2 Paladin
1 Holy Light
1 Devotion Aura
» actions
| Assign group hotkey | 54 | |
| Basic commands | 415 | |
| Build / train | 152 | |
| ESC pressed | 9 | |
| Enter build submenu | 35 | |
| Enter hero's abilities submenu | 12 | |
| Give item / drop item | 1 | |
| Right click | 1054 | |
| Select / deselect | 446 | |
| Select group hotkey | 1142 | |
| Use ability | 81 | |
3401 total
» units
| Wisp | 13 | |
| Archer | 64 | |
| Footman | 1 | |
| Rifleman | 17 | |
95 total
» upgrades
| Gunpowder | 2 | |
| Strength of the Moon | 3 | |
| Armor | 2 | |
| Moon Armor | 3 | |
| Ultravision | 1 | |
| Improved Bows | 1 | |
| Swords | 1 | |
| Masonry | 1 | |
| Long Rifles | 1 | |
| Marksmanship | 1 | |
16 total
» buildings
| Altar of Elders | 2 | |
| Moon Well | 6 | |
| Ancient of War | 3 | |
| Arcane Tower | 2 | |
| Farm | 10 | |
| Hunter's Hall | 1 | |
| Tree of Ages | 2 | |
| Ancient Protector | 7 | |
| Lumber Mill | 1 | |
| Scout Tower | 2 | |
| Keep | 3 | |
| Tree of Eternity | 2 | |
| Guard Tower | 2 | |
| Tree of Life | 2 | |
45 total
» build order
00:11 Altar of Elders
00:22 Moon Well
00:53 Ancient of War
01:33 Moon Well
02:03 Moon Well
02:55 Arcane Tower
03:19 Farm
03:21 Farm
03:24 Arcane Tower
04:00 Hunter's Hall
04:03 Tree of Ages
04:03 Tree of Ages
04:58 Moon Well
05:15 Ancient Protector
05:19 Lumber Mill
05:24 Scout Tower
05:34 Scout Tower
05:56 Farm
06:24 Farm
06:24 Farm
07:01 Keep
07:01 Keep
09:26 Tree of Eternity
10:54 Guard Tower
10:54 Guard Tower
12:34 Ancient Protector
12:36 Ancient Protector
12:37 Ancient Protector
13:31 Farm
13:31 Farm
13:32 Farm
13:32 Farm
13:33 Farm
17:42 Moon Well
17:42 Moon Well
20:12 Altar of Elders
20:14 Ancient of War
20:14 Ancient of War
20:43 Ancient Protector
20:44 Ancient Protector
20:47 Ancient Protector
22:50 Tree of Life
22:54 Tree of Life
az2 (
orange | 80 APM | 207 actions | 02:35)
» actions
| Build / train | 23 | |
| Enter build submenu | 9 | |
| Right click | 140 | |
| Select / deselect | 26 | |
| Use ability | 9 | |
207 total
» units
» buildings
| Farm | 3 | |
| Altar of Kings | 1 | |
| Blacksmith | 1 | |
| Barracks | 1 | |
| Arcane Vault | 1 | |
| Scout Tower | 2 | |
9 total
» build order
00:54 Farm
01:06 Altar of Kings
01:23 Blacksmith
01:30 Barracks
01:37 Farm
01:52 Arcane Vault
02:10 Farm
02:18 Scout Tower
02:23 Scout Tower
Dirty_Harry (
yellow | 58 APM | 2551 actions | 44:08)
6 Archmage
3 Summon Water Elemental
2 Brilliance Aura
1 Mass Teleport
» actions
| Assign group hotkey | 84 | |
| Basic commands | 407 | |
| Build / train | 97 | |
| Enter build submenu | 42 | |
| Enter hero's abilities submenu | 6 | |
| Give item / drop item | 13 | |
| Remove unit from queue | 3 | |
| Right click | 793 | |
| Select / deselect | 494 | |
| Select group hotkey | 321 | |
| Use ability | 289 | |
2551 total
» units
| Peasant | 16 | |
| Footman | 5 | |
| Goblin Shredder | 2 | |
| Gryphon Rider | 15 | |
| Goblin Sapper | 10 | |
48 total
» upgrades
| Masonry | 3 | |
| Swords | 3 | |
| Armor | 3 | |
| Animal War Training | 1 | |
| Storm Hammers | 1 | |
| Cloud | 1 | |
12 total
» buildings
| Altar of Kings | 1 | |
| Barracks | 1 | |
| Farm | 10 | |
| Arcane Vault | 1 | |
| Lumber Mill | 1 | |
| Keep | 1 | |
| Town Hall | 3 | |
| Scout Tower | 27 | |
| Guard Tower | 7 | |
| Castle | 1 | |
| Gryphon Aviary | 5 | |
| Blacksmith | 2 | |
60 total
» build order
00:36 Altar of Kings
00:38 Barracks
00:50 Farm
00:51 Farm
01:06 Farm
01:35 Farm
03:06 Arcane Vault
03:13 Lumber Mill
03:47 Keep
04:43 Town Hall
04:46 Scout Tower
04:47 Scout Tower
04:47 Scout Tower
06:21 Guard Tower
07:31 Castle
08:23 Gryphon Aviary
08:25 Gryphon Aviary
08:27 Gryphon Aviary
08:29 Gryphon Aviary
08:32 Blacksmith
08:38 Blacksmith
09:12 Gryphon Aviary
09:31 Farm
11:59 Scout Tower
12:00 Scout Tower
12:00 Scout Tower
12:02 Scout Tower
12:03 Scout Tower
12:04 Scout Tower
12:04 Scout Tower
12:06 Scout Tower
12:07 Scout Tower
12:07 Scout Tower
12:10 Scout Tower
12:11 Scout Tower
12:14 Scout Tower
12:15 Scout Tower
12:28 Farm
12:29 Farm
12:30 Farm
12:31 Farm
12:32 Farm
13:14 Guard Tower
13:44 Guard Tower
14:37 Guard Tower
14:48 Guard Tower
28:16 Town Hall
28:20 Scout Tower
28:20 Scout Tower
28:21 Scout Tower
28:22 Scout Tower
29:15 Guard Tower
31:45 Town Hall
31:47 Scout Tower
31:48 Scout Tower
31:48 Scout Tower
31:49 Scout Tower
31:52 Scout Tower
34:25 Guard Tower
» items
| Scroll of Regeneration | 4 | |
| Mechanical Critter | 2 | |
| Scroll of Town Portal | 1 | |
| Potion of Healing | 3 | |
| Staff of Teleportation | 1 | |
| Potion of Lesser Invulnerability | 2 | |
| Scroll of Healing | 4 | |
| Periapt of Vitality | 1 | |
18 total

»
agentknox666 (
pink | 63 APM | 2426 actions | 38:34)
6 Death Knight
2 Death Coil
3 Unholy Aura
1 Animate Dead
» actions
| Basic commands | 48 | |
| Build / train | 209 | |
| Enter build submenu | 81 | |
| Enter hero's abilities submenu | 6 | |
| Give item / drop item | 2 | |
| Remove unit from queue | 2 | |
| Right click | 1298 | |
| Select / deselect | 608 | |
| Use ability | 172 | |
2426 total
» units
| Acolyte | 28 | |
| Ghoul | 16 | |
| Crypt Fiend | 30 | |
| Gargoyle | 4 | |
| Draenei Disciple | 8 | |
| Voidwalker | 3 | |
| Draenei Darkslayer | 5 | |
| Frost Wyrm | 11 | |
105 total
» upgrades
| Creature Carapace | 3 | |
| Creature Attack | 3 | |
| Web | 1 | |
| Freezing Breath | 1 | |
8 total
» buildings
| Ziggurat | 15 | |
| Altar of Darkness | 1 | |
| Crypt | 2 | |
| Graveyard | 1 | |
| Nerubian Tower | 12 | |
| Spirit Tower | 35 | |
| Halls of the Dead | 3 | |
| Black Citadel | 4 | |
| Necropolis | 2 | |
| Sacrificial Pit | 1 | |
| Boneyard | 3 | |
| Tomb of Relics | 1 | |
| Town Hall | 8 | |
| Altar of Kings | 3 | |
| Barracks | 4 | |
| Farm | 7 | |
| Arcane Vault | 4 | |
106 total
» build order
00:11 Ziggurat
00:16 Altar of Darkness
00:45 Crypt
01:11 Graveyard
01:17 Nerubian Tower
01:17 Nerubian Tower
01:17 Nerubian Tower
01:34 Ziggurat
02:05 Crypt
02:38 Nerubian Tower
02:38 Nerubian Tower
03:28 Ziggurat
04:27 Spirit Tower
04:27 Spirit Tower
05:30 Halls of the Dead
05:30 Halls of the Dead
05:31 Halls of the Dead
05:47 Ziggurat
06:46 Spirit Tower
09:24 Black Citadel
09:25 Black Citadel
09:25 Black Citadel
09:30 Ziggurat
09:45 Necropolis
10:03 Ziggurat
10:05 Ziggurat
10:09 Sacrificial Pit
10:21 Ziggurat
10:22 Spirit Tower
10:23 Spirit Tower
10:30 Ziggurat
10:32 Ziggurat
11:03 Spirit Tower
11:05 Spirit Tower
11:05 Spirit Tower
11:05 Spirit Tower
11:46 Boneyard
12:22 Spirit Tower
12:22 Spirit Tower
12:23 Spirit Tower
12:24 Spirit Tower
12:47 Boneyard
12:51 Boneyard
15:43 Necropolis
16:11 Ziggurat
16:15 Ziggurat
16:19 Tomb of Relics
16:35 Ziggurat
16:42 Ziggurat
17:29 Spirit Tower
17:29 Spirit Tower
17:30 Spirit Tower
17:45 Nerubian Tower
17:46 Nerubian Tower
17:46 Nerubian Tower
18:35 Spirit Tower
18:35 Spirit Tower
26:03 Spirit Tower
26:03 Spirit Tower
26:03 Spirit Tower
26:09 Ziggurat
28:13 Spirit Tower
28:14 Spirit Tower
28:14 Spirit Tower
33:25 Town Hall
33:46 Town Hall
33:50 Altar of Kings
33:53 Barracks
33:55 Barracks
34:27 Town Hall
34:38 Altar of Kings
34:40 Farm
34:43 Barracks
34:46 Farm
34:49 Arcane Vault
34:51 Town Hall
34:57 Farm
35:02 Arcane Vault
35:08 Town Hall
35:11 Farm
35:13 Farm
35:16 Altar of Kings
35:19 Arcane Vault
35:27 Town Hall
35:31 Barracks
35:40 Town Hall
35:44 Town Hall
35:46 Farm
35:49 Farm
35:50 Arcane Vault
» items
| Orb of Corruption | 4 | |
| Scroll of Regeneration | 3 | |
7 total
Chat log
(01:50 / All) GLOURT-HACKS: agent knox is a great player
(02:35 / All) Dirty_Harry: Scumbag!
(02:43 / Allies) valulife: who has him?
(02:46 / All) Existentialism: ...
(02:46 / Allies) Dirty_Harry: not it
(02:47 / Allies) agentknox666: u
(08:59 / Allies) Dirty_Harry: CHARGE
(09:01 / Allies) Dirty_Harry: FOR KHAZ MODAN
(09:40 / All) Existentialism: gg
(09:45 / All) Existentialism: blues butt hurt
(09:48 / All) Existentialism: and is tking
(10:43 / All) Dirty_Harry: everyone should tk blue every time
(10:46 / All) integraboy: blue fucking asshole
(10:49 / All) Dirty_Harry: since he will if things don't go his way
(10:52 / All) integraboy: term killer
(10:54 / All) integraboy: asshole
(12:35 / Allies) Dirty_Harry: lumber
(13:45 / Allies) Dirty_Harry: lumbers
(15:34 / Allies) Dirty_Harry: lumbeR?
(17:35 / Allies) valulife: come
(17:45 / All) iTKjerksORnoobs: red keeps threatening that yellow will tk u guys
(17:47 / All) iTKjerksORnoobs: lol
(19:42 / All) valulife: some people are missing a chromozome
(20:56 / Allies) valulife: kill him
(22:13 / Allies) valulife: pink come finish red
(22:23 / All) GLOURT-HACKS: time for me to get 3 heros to rape blues heros
(29:47 / All) valulife: ok ill leave red and yellow goof around and go to sleep
(29:56 / All) valulife: :)
(30:03 / All) GLOURT-HACKS: thats
(30:07 / All) GLOURT-HACKS: what we want u to do actually lol
(30:10 / All) GLOURT-HACKS: so knock urself out
(30:27 / Allies) valulife: oh but i am leaving the game open
(30:36 / Allies) valulife: for the cool replay :)
(33:08 / All) GLOURT-HACKS: blue is as silent as they come
(33:53 / Allies) Dirty_Harry: you lose
(34:10 / Allies) Dirty_Harry: what's the big idea, asshole?
(34:15 / Allies) Dirty_Harry: Those peons are marked for extermination
(34:17 / All) GLOURT-HACKS: the thing is, blue
(34:23 / All) GLOURT-HACKS: i know if u had things ur wa
(34:27 / All) GLOURT-HACKS: and the tables were turned
(34:33 / All) GLOURT-HACKS: u would be talking shit in all caps and loling right now
(34:39 / All) GLOURT-HACKS: face it, you got played by your superiors
(34:52 / Allies) Dirty_Harry: you don't listen, do you asshole?
(35:04 / All) GLOURT-HACKS: life is a matter of face and you lost a massive amount of face this game
(35:07 / Allies) Dirty_Harry: give it up, you lose
(35:13 / All) GLOURT-HACKS: a massive amount
(35:26 / All) GLOURT-HACKS: aye
(36:19 / Allies) Dirty_Harry: Marked for extermination, like I kept telling you
(36:40 / Allies) Dirty_Harry: Once you got the mark, there's no undoing it
(36:45 / All) GLOURT-HACKS: ill rewatch replay and see if blue is selecting anything
(36:47 / All) GLOURT-HACKS: which i know he is
(36:51 / All) GLOURT-HACKS: he is trying to pretend to be afk
(37:48 / All) GLOURT-HACKS: standoff?
(37:52 / All) GLOURT-HACKS: teal said ill night
(37:54 / All) Dirty_Harry: Aye
(38:13 / All) GLOURT-HACKS: i have no idea y blue tked purple
(38:18 / All) GLOURT-HACKS: oh
(38:22 / All) GLOURT-HACKS: now i remember
(38:37 / All) GLOURT-HACKS: purple cussd at blue for not healing his dreadlord and blue called him a retard
(38:47 / All) GLOURT-HACKS: said he had no mana
(39:29 / Allies) Dirty_Harry: Looks like it might be your lucky day, teal
(39:39 / All) GLOURT-HACKS: actually standoff
(39:46 / Allies) Dirty_Harry: Guess not
(44:05 / All) Dirty_Harry: See ya around, dipshit